 Dungeon Crawl Stone Soup version 0.13.1-19-g4b9377e (webtiles) character file.

116 Kae the Firebug (level 4, 0/24 HPs)
             Began as a Tengu Fire Elementalist on Dec 27, 2013.
             Killed from afar by an orc wizard (6 damage)
             ... with a puff of frost
             ... on Level 4 of the Dungeon.
             The game lasted 00:04:16 (1728 turns).

Kae the Firebug (Tengu Fire Elementalist)           Turns: 1728, Time: 00:04:16

HP   0/24        AC  7     Str  8      XL: 4   Next: 81%
MP   5/9         EV 12     Int 16      God:
Gold 11          SH  0     Dex 15      Spells:  1 memorised,  6 levels left

Res.Fire  : . . .   See Invis. : .   i - +2,+0 short sword (protect)
Res.Cold  : . . .   Warding    : .   a - +0 robe
Life Prot.: . . .   Conserve   : .   (no shield)
Res.Poison: .       Res.Corr.  : .   (helmet restricted)
Res.Elec. : .       Clarity    : .   (no cloak)
Sust.Abil.: . .     Spirit.Shd : .   (no gloves)
Res.Mut.  : .       Stasis     : .   (boots unavailable)
Res.Rott. : .       Flight     : .   (no amulet)
Saprovore : . . .                    (no ring)
                                     (no ring)

@: slightly resistant to hostile enchantments, fairly stealthy
A: beak, talons 3
a: no special abilities


You were on level 4 of the Dungeon.
You were hungry.

You visited 1 branch of the dungeon, and saw 3 of its levels.

You collected 90 gold pieces.
You spent 99 gold pieces at shops.

Inventory:

Hand weapons
 i - a +2,+0 short sword of protection (weapon)
Missiles
 e - 60 darts (quivered)
 f - 4 darts of frost
Armour
 a - a +0 robe (worn)
Comestibles
 c - a bread ration
 g - an apple
 h - a snozzcumber
Scrolls
 k - a scroll of curse armour {unknown}
 l - a scroll of enchant armour {unknown}
 o - a scroll of magic mapping {unknown}
 p - a scroll of blinking {unknown}
 q - a scroll of enchant weapon I {unknown}
Books
 b - a book of Flames

   Spells                             Type                      Level
   *Flame Tongue                      Conjuration/Fire             1
   Throw Flame                        Conjuration/Fire             2
   Conjure Flame                      Conjuration/Fire             3
   Inner Flame                        Hexes/Fire                   3
   Sticky Flame                       Conjuration/Fire             4
   Fireball                           Conjuration/Fire             5


   Skills:
 - Level 2.1 Dodging
 - Level 2.0 Stealth
 + Level 2.1 Spellcasting
 * Level 4.0 Conjurations
 * Level 4.2 Fire Magic


You had 6 spell levels left.
You knew the following spells:

 Your Spells              Type           Power        Failure   Level  Hunger
a - Flame Tongue          Conj/Fire      ##...        4%          1    #......


Dungeon Overview and Level Annotations

Branches:
Dungeon (4/27)
 Temple: D:4-7

Altars:

Shops:
D:4 **


Innate Abilities, Weirdness & Mutations

You have a beak for a mouth.
You have claws for feet.


Message History

* * * LOW HITPOINT WARNING * * *
You can move again.
The orc wizard points at you and mumbles some strange words.
The puff of frost misses you. 2 orcs come into view.
The orc shouts!
The orc wizard misses you.
Found a stone staircase leading down.
The hobgoblin shouts!
The orc wizard's eyes start to glow.
The orc wizard casts a spell.
The orc wizard seems to speed up.
The orc closely misses you.
The orc wizard casts a spell.
The orc wizard seems to speed up.
The orc wizard hits you but does no damage.
The orc wizard barely misses you.
The orc wizard points at you and mumbles some strange words.
The puff of frost hits you!
You die...

#.###..#####.#
#.#...#.......#
#.g.#.oo#####
#.. #.#g#
#.###.##.# ..
... #o# .###
#o# #.#####.#
#.....@.#
#########


You could see an orc wizard, 2 orcs and a hobgoblin.

Vanquished Creatures
  An orc wizard (D:4)
  3 adders
  3 giant geckos
  An ooze (D:1)
  3 orcs
  4 giant cockroaches
  2 goblins (D:1)
  4 hobgoblins (D:1)
  7 kobolds
  A quokka (D:4)
  6 bats (D:1)
  6 giant newts
  2 rats (D:1)
43 creatures vanquished.

Notes
Turn   | Place    | Note
--------------------------------------------------------------
     0 | D:1      | Kae, the Tengu Fire Elementalist, began the quest for the Orb.
     0 | D:1      | Reached XP level 1. HP: 10/10 MP: 3/3
   151 | D:1      | Reached XP level 2. HP: 9/15 MP: 1/5
   848 | D:1      | Reached XP level 3. HP: 13/19 MP: 1/7
  1152 | D:2      | Reached skill level 4 in Fire Magic
  1520 | D:2      | You fall through a shaft!
  1521 | D:4      | Found Psootry's General Store.
  1547 | D:4      | Bought a potion of heal wounds for 39 gold pieces
  1588 | D:4      | Found Qihuiloh's Assorted Antiques.
  1598 | D:4      | Bought a scroll labeled PNYASI KIZXUSTAF for 20 gold pieces
  1598 | D:4      | Bought a scroll labeled TEX FISOPPAWA for 20 gold pieces
  1598 | D:4      | Bought a scroll labeled SHAAVU PSUBLEG for 20 gold pieces
  1601 | D:4      | Reached XP level 4. HP: 17/24 MP: 4/8
  1714 | D:4      | Paralysed by a potion of paralysis for 2 turns
  1728 | D:4      | Killed from afar by an orc wizard

Action                   |  1- 3 |  4- 6 || total
-------------------------+-------+-------++-------
Melee: Unarmed           |    18 |       ||    18
       Short sword       |    54 |     8 ||    62
 Cast: Flame Tongue      |    36 |    13 ||    49
  Use: Potion            |       |     3 ||     3
       Scroll            |       |     1 ||     1
 Stab: Sleeping          |     1 |       ||     1
